[ AOE2 MATCH · #505525500 ]
UnrankedJapanese vs Lithuanians
Player's team · WIN
[ REPLAY ANALYSIS · EXTRACTED FROM THE RECORDED GAME ]
Feudal
10:37
Castle
22:55
Imperial
38:12
| APM avg | 79.3 |
| APM peak | 156 |
| eAPM avg | 37.2 |
| Villagers / military | 127 / 173 |
Focus
⚔️ 28.9% · 🌾 71.1%
Spearman ×86 · Samurai ×38 · Militia ×26 · Skirmisher ×11 · Battering Ram ×7 · Monk ×4
Feudal
8:00
Castle
21:25
Imperial
34:02
| APM avg | 46.4 |
| APM peak | 71 |
| eAPM avg | 24.7 |
| Villagers / military | 112 / 158 |
Focus
⚔️ 42.8% · 🌾 57.2%
Militia ×60 · Scout Cavalry ×45 · Knight ×20 · Battering Ram ×12 · Skirmisher ×8 · Archer ×7
Match map
Initial resources + every placement click. Lines = walls · curves = elevation contours. ◆ gold · ⬟ stone · ● berries · ✦ relic · ◌ wall gap
Your base· ✓ Closed at 22:55 · 22t walls · 1 gate(s)
PNAL | TuT.'s base· Open — 7t gap
Smoothed initial terrain · ◌ = detected wall gap · hover for details
Inputs per minute
— WoRLDDeViL - - PNAL | TuT.
Build order — WoRLDDeViL
First 150 of 552 actions detected
| 0:00 | Queue | Villager (Male) |
| 0:02 | Build | House |
| 0:05 | Build | House |
| 0:09 | Build | House |
| 0:09 | Queue | Villager (Male) |
| 0:15 | Queue | Villager (Male) |
| 0:18 | Queue | Villager (Male) |
| 1:42 | Queue | Villager (Male) |
| 2:06 | Build | Lumber Camp |
| 2:10 | Queue | Villager (Male) |
| 2:37 | Queue | Villager (Male) |
| 2:37 | Queue | Villager (Male) |
| 3:13 | Build | Mill |
| 3:25 | Queue | Villager (Male) |
| 3:40 | Queue | Villager (Male) |
| 3:50 | Research | Loom |
| 4:12 | Build | House |
| 4:37 | Queue | Villager (Male) |
| 4:46 | Queue | Villager (Male) |
| 4:47 | Queue | Villager (Male) |
| 5:12 | Build | Barracks |
| 5:17 | Queue | Villager (Male) |
| 5:36 | Queue | Villager (Male) |
| 6:09 | Build | House |
| 6:09 | Queue | Militia |
| 6:10 | Queue | Militia |
| 6:31 | Queue | Villager (Male) |
| 6:43 | Queue | Villager (Male) |
| 6:57 | Build | Palisade Wall |
| 6:58 | Build | Palisade Wall |
| 7:00 | Queue | Militia |
| 7:08 | Build | House |
| 7:16 | Queue | Villager (Male) |
| 7:27 | Queue | Villager (Male) |
| 8:21 | Research | Feudal Age |
| 8:46 | Build | Mining Camp |
| 9:41 | Build | Palisade Wall |
| 9:43 | Build | Palisade Wall |
| 9:44 | Build | Palisade Wall |
| 9:48 | Build | Palisade Wall |
| 9:49 | Build | Palisade Wall |
| 9:51 | Build | Palisade Wall |
| 9:53 | Build | Palisade Wall |
| 9:54 | Build | Palisade Wall |
| 9:55 | Build | Palisade Wall |
| 9:56 | Build | Palisade Wall |
| 9:57 | Build | Palisade Wall |
| 9:58 | Build | Palisade Wall |
| 9:58 | Build | Palisade Wall |
| 10:37 | Age | Feudal Age |
| 10:46 | Build | Archery Range |
| 10:50 | Queue | Villager (Male) |
| 10:51 | Research | Double-Bit Axe |
| 10:54 | Queue | Villager (Male) |
| 11:08 | Build | Blacksmith |
| 11:13 | Queue | Skirmisher |
| 11:15 | Queue | Villager (Male) |
| 11:32 | Queue | Skirmisher |
| 11:33 | Research | Fletching |
| 11:41 | Queue | Skirmisher |
| 11:43 | Queue | Spearman |
| 11:51 | Queue | Skirmisher |
| 11:59 | Queue | Villager (Male) |
| 12:04 | Research | Padded Archer Armor |
| 12:08 | Queue | Spearman |
| 12:11 | Build | House |
| 12:54 | Research | Wheelbarrow |
| 13:02 | Queue | Skirmisher |
| 13:18 | Build | House |
| 13:21 | Queue | Villager (Male) |
| 14:01 | Build | Archery Range |
| 14:03 | Queue | Skirmisher |
| 14:07 | Queue | Villager (Male) |
| 14:30 | Queue | Skirmisher |
| 14:37 | Research | Horse Collar |
| 14:38 | Queue | Skirmisher |
| 14:45 | Queue | Skirmisher |
| 14:54 | Queue | Villager (Male) |
| 14:58 | Queue | Skirmisher |
| 14:58 | Queue | Skirmisher |
| 15:09 | Build | House |
| 15:10 | Build | House |
| 15:25 | Build | Watch Tower |
| 15:46 | Queue | Spearman |
| 16:03 | Queue | Spearman |
| 16:09 | Queue | Villager (Male) |
| 16:13 | Build | Farm |
| 16:13 | Build | Farm |
| 16:13 | Build | Farm |
| 16:13 | Build | Farm |
| 16:14 | Build | Farm |
| 16:14 | Build | Farm |
| 16:26 | Queue | Villager (Male) |
| 16:39 | Queue | Villager (Male) |
| 16:58 | Build | Palisade Gate |
| 17:01 | Build | Farm |
| 17:01 | Build | Farm |
| 17:01 | Build | Farm |
| 17:01 | Build | Farm |
| 17:01 | Build | Farm |
| 17:02 | Build | Farm |
| 17:19 | Build | Farm |
| 17:37 | Queue | Spearman |
| 17:53 | Build | Farm |
| 17:56 | Queue | Villager (Male) |
| 18:17 | Queue | Villager (Male) |
| 18:19 | Build | Farm |
| 18:23 | Build | Farm |
| 18:25 | Build | Farm |
| 18:28 | Build | Farm |
| 18:29 | Build | Farm |
| 19:03 | Queue | Villager (Male) |
| 19:06 | Build | Market |
| 19:12 | Build | Lumber Camp |
| 19:13 | Build | Lumber Camp |
| 19:29 | Queue | Villager (Male) |
| 19:30 | Build | Farm |
| 20:15 | Research | Castle Age |
| 20:15 | Research | Castle Age |
| 22:25 | Queue | Spearman |
| 22:25 | Queue | Spearman |
| 22:31 | Build | Palisade Wall |
| 22:33 | Build | Palisade Wall |
| 22:34 | Build | Palisade Wall |
| 22:36 | Queue | Spearman |
| 22:54 | Queue | Spearman |
| 22:55 | Age | Castle Age |
| 23:08 | Build | Town Center |
| 23:10 | Queue | Villager (Male) |
| 23:27 | Build | Town Center |
| 23:39 | Build | Monastery |
| 23:46 | Queue | Villager (Male) |
| 23:46 | Queue | Villager (Male) |
| 23:47 | Research | Bow Saw |
| 23:48 | Research | Heavy Plow |
| 24:17 | Queue | Villager (Male) |
| 24:17 | Queue | Villager (Male) |
| 24:17 | Queue | Villager (Male) |
| 24:18 | Queue | Villager (Male) |
| 24:41 | Queue | Monk |
| 24:58 | Queue | Villager (Male) |
| 25:03 | Queue | Villager (Male) |
| 25:03 | Queue | Villager (Male) |
| 25:12 | Build | Town Center |
| 25:15 | Queue | Villager (Male) |
| 25:15 | Queue | Villager (Male) |
| 25:23 | Queue | Spearman |
| 25:28 | Queue | Villager (Male) |
| 25:29 | Queue | Villager (Male) |
| 25:34 | Build | Farm |
Build order — PNAL | TuT.
First 150 of 475 actions detected
| 0:00 | Queue | Villager (Male) |
| 0:00 | Queue | Villager (Male) |
| 0:02 | Build | House |
| 0:05 | Build | House |
| 0:14 | Queue | Villager (Male) |
| 0:14 | Queue | Villager (Male) |
| 0:47 | Queue | Villager (Male) |
| 0:47 | Queue | Villager (Male) |
| 0:47 | Queue | Villager (Male) |
| 1:52 | Build | Lumber Camp |
| 1:57 | Build | Lumber Camp |
| 2:18 | Queue | Villager (Male) |
| 2:18 | Queue | Villager (Male) |
| 2:18 | Queue | Villager (Male) |
| 2:23 | Queue | Villager (Male) |
| 3:38 | Build | House |
| 3:42 | Queue | Villager (Male) |
| 3:42 | Queue | Villager (Male) |
| 4:15 | Research | Loom |
| 4:33 | Queue | Villager (Male) |
| 5:07 | Build | Mining Camp |
| 5:22 | Queue | Villager (Male) |
| 5:46 | Research | Feudal Age |
| 6:50 | Queue | Villager (Male) |
| 7:15 | Build | Barracks |
| 8:00 | Age | Feudal Age |
| 8:03 | Build | Archery Range |
| 8:05 | Queue | Villager (Male) |
| 8:25 | Build | House |
| 8:40 | Queue | Villager (Male) |
| 8:40 | Research | Double-Bit Axe |
| 8:50 | Queue | Archer |
| 9:00 | Build | House |
| 9:01 | Build | Palisade Wall |
| 9:13 | Build | House |
| 9:29 | Queue | Villager (Male) |
| 9:37 | Queue | Villager (Male) |
| 9:57 | Queue | Villager (Male) |
| 9:58 | Queue | Archer |
| 10:12 | Queue | Villager (Male) |
| 10:23 | Build | House |
| 10:34 | Queue | Archer |
| 10:42 | Queue | Villager (Male) |
| 10:53 | Build | Archery Range |
| 11:01 | Queue | Archer |
| 11:08 | Build | Mill |
| 11:08 | Queue | Villager (Male) |
| 11:16 | Queue | Villager (Male) |
| 11:34 | Build | Blacksmith |
| 11:36 | Queue | Villager (Male) |
| 11:48 | Queue | Skirmisher |
| 12:17 | Queue | Villager (Male) |
| 12:24 | Build | Stable |
| 12:29 | Queue | Archer |
| 12:29 | Queue | Archer |
| 12:50 | Queue | Skirmisher |
| 12:50 | Queue | Skirmisher |
| 13:01 | Build | House |
| 13:04 | Build | Palisade Wall |
| 13:15 | Research | Fletching |
| 13:20 | Build | House |
| 13:58 | Queue | Skirmisher |
| 13:59 | Queue | Skirmisher |
| 13:59 | Queue | Villager (Male) |
| 13:59 | Queue | Villager (Male) |
| 14:13 | Queue | Scout Cavalry |
| 14:33 | Queue | Scout Cavalry |
| 14:43 | Build | Mill |
| 14:49 | Build | House |
| 14:54 | Queue | Villager (Male) |
| 15:06 | Queue | Villager (Male) |
| 15:12 | Research | Horse Collar |
| 15:25 | Queue | Skirmisher |
| 15:49 | Queue | Villager (Male) |
| 15:49 | Queue | Villager (Male) |
| 16:07 | Build | Farm |
| 16:07 | Build | Farm |
| 16:07 | Build | Farm |
| 16:08 | Build | Farm |
| 16:08 | Build | Farm |
| 16:08 | Build | Farm |
| 16:08 | Build | Farm |
| 16:09 | Build | Farm |
| 16:09 | Build | Farm |
| 16:09 | Build | Farm |
| 16:10 | Build | Farm |
| 16:12 | Queue | Villager (Male) |
| 16:30 | Build | Farm |
| 16:35 | Build | Farm |
| 16:41 | Queue | Villager (Male) |
| 16:59 | Build | Farm |
| 17:02 | Build | Farm |
| 17:04 | Queue | Villager (Male) |
| 17:21 | Build | Farm |
| 17:54 | Queue | Skirmisher |
| 17:55 | Queue | Skirmisher |
| 17:55 | Queue | Scout Cavalry |
| 18:15 | Queue | Villager (Male) |
| 18:19 | Build | Farm |
| 18:19 | Build | Farm |
| 18:19 | Build | Farm |
| 18:19 | Build | Farm |
| 18:20 | Build | Farm |
| 18:45 | Research | Castle Age |
| 19:14 | Build | House |
| 19:15 | Build | House |
| 19:19 | Research | Scale Barding Armor |
| 19:26 | Research | Bloodlines |
| 19:56 | Queue | Scout Cavalry |
| 20:03 | Build | Lumber Camp |
| 20:11 | Research | Gold Mining |
| 20:18 | Build | Outpost |
| 20:57 | Queue | Villager (Male) |
| 21:25 | Age | Castle Age |
| 21:28 | Build | Monastery |
| 21:33 | Build | Monastery |
| 21:39 | Queue | Knight |
| 21:42 | Build | Town Center |
| 21:53 | Queue | Villager (Male) |
| 21:55 | Queue | Knight |
| 21:58 | Build | Outpost |
| 21:59 | Queue | Villager (Male) |
| 21:59 | Queue | Villager (Male) |
| 22:07 | Queue | Monk |
| 22:08 | Queue | Monk |
| 22:20 | Research | Husbandry |
| 22:38 | Build | House |
| 22:39 | Build | House |
| 22:41 | Queue | Villager (Male) |
| 22:41 | Queue | Villager (Male) |
| 22:47 | Queue | Villager (Male) |
| 23:12 | Build | Mining Camp |
| 23:15 | Queue | Villager (Male) |
| 23:15 | Queue | Villager (Male) |
| 23:18 | Research | Town Watch |
| 23:18 | Queue | Villager (Male) |
| 23:19 | Queue | Villager (Male) |
| 23:37 | Build | Outpost |
| 23:38 | Queue | Villager (Male) |
| 23:38 | Queue | Villager (Male) |
| 23:41 | Build | Farm |
| 23:41 | Build | Farm |
| 23:41 | Build | Farm |
| 23:41 | Build | Farm |
| 23:54 | Build | Farm |
| 23:55 | Build | Farm |
| 23:57 | Queue | Monk |
| 24:13 | Queue | Monk |
| 24:33 | Queue | Villager (Male) |
| 24:33 | Queue | Villager (Male) |
Match timeline
| 5:12 | WoRLDDeViL · first_building Barracks |
| 6:57 | WoRLDDeViL · wall_segment Palisade Wall x5 |
| 6:58 | WoRLDDeViL · wall_segment Palisade Wall x1 |
| 7:15 | PNAL | TuT. · first_building Barracks |
| 8:00 | PNAL | TuT. · age_up feudal |
| 8:03 | PNAL | TuT. · first_building Archery Range |
| 9:01 | PNAL | TuT. · wall_segment Palisade Wall x1 |
| 9:41 | WoRLDDeViL · wall_segment Palisade Wall x1 |
| 9:43 | WoRLDDeViL · wall_segment Palisade Wall x1 |
| 9:44 | WoRLDDeViL · wall_segment Palisade Wall x1 |
| 9:48 | WoRLDDeViL · wall_segment Palisade Wall x1 |
| 9:49 | WoRLDDeViL · wall_segment Palisade Wall x1 |
| 9:51 | WoRLDDeViL · wall_segment Palisade Wall x1 |
| 9:53 | WoRLDDeViL · wall_segment Palisade Wall x1 |
| 9:54 | WoRLDDeViL · wall_segment Palisade Wall x1 |
| 9:55 | WoRLDDeViL · wall_segment Palisade Wall x1 |
| 9:56 | WoRLDDeViL · wall_segment Palisade Wall x1 |
| 9:57 | WoRLDDeViL · wall_segment Palisade Wall x1 |
| 9:58 | WoRLDDeViL · wall_segment Palisade Wall x1 |
| 9:58 | WoRLDDeViL · wall_segment Palisade Wall x1 |
| 10:37 | WoRLDDeViL · age_up feudal |
| 10:46 | WoRLDDeViL · first_building Archery Range |
| 12:24 | PNAL | TuT. · first_building Stable |
| 13:04 | PNAL | TuT. · wall_segment Palisade Wall x7 |
| 19:41 | WoRLDDeViL · first_market_buy 100 food |
| 19:44 | WoRLDDeViL · first_market_sell 100 wood |
| 21:25 | PNAL | TuT. · age_up castle |
| 21:28 | PNAL | TuT. · first_building Monastery |
| 22:31 | WoRLDDeViL · wall_segment Palisade Wall x1 |
| 22:33 | WoRLDDeViL · wall_segment Palisade Wall x1 |
| 22:34 | WoRLDDeViL · wall_segment Palisade Wall x1 |
| 22:55 | WoRLDDeViL · age_up castle |
| 23:39 | WoRLDDeViL · first_building Monastery |
| 27:59 | PNAL | TuT. · first_building Siege Workshop |
| 28:53 | WoRLDDeViL · first_building Siege Workshop |
| 32:02 | WoRLDDeViL · first_building Castle |
| 34:02 | PNAL | TuT. · age_up imperial |
| 38:12 | WoRLDDeViL · age_up imperial |
| 39:33 | PNAL | TuT. · first_market_buy 100 food |
| 41:27 | PNAL | TuT. · first_market_sell 100 food |
| 44:24 | PNAL | TuT. · first_building Castle |
| 45:34 | PNAL | TuT. · resign |
[ AI ANALYSIS · 1 CREDIT ]
What really happened in this match?
Wolo.gg analyzes every decision: build order, eco, micro, common mistakes by bracket. Personalized analysis on WhatsApp or Discord in 30 seconds.
Civ guide
Japanese
Perfil
Jugador #1421064